 Dungeon Crawl Stone Soup version 0.26-a0-612-gd4d190f45e (webtiles) character file.

Game seed: 10749119616490975975

25 DogServant the Ruffian (level 3, 30/30 HPs)
             Began as a Ghoul Gladiator on Sept 10, 2020.
             Quit the game on level 1 of the Dungeon.
             The game lasted 00:03:18 (616 turns).

DogServant the Ruffian (Ghoul Gladiator)             Turns: 616, Time: 00:03:18

Health: 30/30      AC:  4    Str: 18    XL:     3   Next: 4%
Magic:  2/2        EV: 12    Int:  3    God:
Gold:   29         SH:  0    Dex: 10    Spells: 2/2 levels left

rFire    . . .     SeeInvis .     - Unarmed
rCold    + . .     Faith    .   (no shield)
rNeg     + + +     Spirit   .   a - +0 leather armour
rPois    ∞         Reflect  .   b - +0 helmet
rElec    .         Harm     .   (no cloak)
rCorr    .                      (no gloves)
MR       .....                  (no boots)
Stlth    +.........             (no amulet)
HPRegen  0.10/turn              (no ring)
MPRegen  0.08/turn              (no ring)

@: no status effects
A: rotting body, claws 1, cold resistance 1, negative energy resistance 3,
inhibited regeneration, torment resistance, unbreathing
a: no special abilities


You were on level 1 of the Dungeon.
You visited 1 branch of the dungeon, and saw 1 of its levels.

You collected 29 gold pieces.

Inventory:

Missiles
 c - 3 throwing nets (quivered)
Armour
 a - a +0 leather armour (worn)
 b - a +0 helmet (worn)
Scrolls
 d - a scroll of teleportation {unknown}
 e - a scroll of blinking {unknown}


   Skills:
 * Level 2.6 Fighting
 - Level 1.7 Throwing
 + Level 2.8 Dodging
 * Level 4.1 Unarmed Combat


You had 2 spell levels left.
You didn't know any spells.
Your spell library was empty.

Dungeon Overview and Level Annotations

Branches:
Dungeon (1/15)

Altars:


Innate Abilities, Weirdness & Mutations

Your body is rotting away.
You thrive by killing the living.
You are immune to poison.
You have sharp fingernails.
Your flesh is cold resistant. (rC+)
You are immune to negative energy. (rN+++)
You do not regenerate when monsters are visible.
You are immune to unholy pain and torment.
You can survive without breathing.


Message History

Okay, then.
Things that are here:
a jackal corpse; a jackal corpse; a jackal corpse You see here a jackal corpse.
There are no objects that can be picked up here. a jackal corpse
There are no objects that can be picked up here. a jackal corpse
Things that are here:
a jackal corpse; a jackal corpse; a jackal corpse You start resting.
HP restored.
Autopickup is now off.
Autopickup is now on.
Unknown command.
Autopickup is now off.
Are you sure you want to abandon this character and quit the game? (Confirm with "yes".)
Okay, then.
Autopickup is now on.
Are you sure you want to abandon this character and quit the game? (Confirm with "yes".)

## ##.## #.#
##...## ...
##.....## ...
###.......## ..
# ...........#
.# #
#.##.......##
.# # .
##.....## .# #
##..†######.# #
##..@..÷)).# ##
#.##...†.)....#
+. #.
#.####.##..# ##
#. #.# .# .# #
#. #.# .# # #.
#.# .# # .. ...
.. # ## #.# ..
. #.


There were no monsters in sight!

Vanquished Creatures
  An ooze (D:1)
  A leopard gecko (D:1)
  A giant cockroach (D:1)
  5 goblins (D:1)
  A hobgoblin (D:1)
  4 jackals (D:1)
  A kobold (D:1)
  A bat (D:1)
  A rat (D:1)
16 creatures vanquished.

Notes
Turn   | Place    | Note
-------+----------+-------------------------------------------
     0 | D:1      | DogServant the Ghoul Gladiator began the quest for the Orb.
     0 | D:1      | Reached XP level 1. HP: 17/17 MP: 0/0
   332 | D:1      | Reached XP level 2. HP: 24/24 MP: 1/1
   407 | D:1      | Reached skill level 4 in Unarmed Combat
   428 | D:1      | Reached XP level 3. HP: 10/30 MP: 2/2
   616 | D:1      | Quit the game

Illustrated notes

Levels and vault maps discovered:
D:1:      dpeg_arrival_rooms_a, layout_loops_ring

Skill      XL: |  1  2 |
---------------+-------+-----
Unarmed Combat | 4 |  4.1
Fighting       | |  2.6
Throwing       | |  1.7
Dodging        | |  2.8

Action                   || total
-------------------------++-------
Melee: Unarmed           ||    56
       Punch             ||     1
Armor: Leather armour    ||    28
Dodge: Dodged            ||    53

Table legend: (Time is in decaauts)
 A = Elapsed time spent in this place.
 B = Non-inter-level travel time spent in this place.
 C = Inter-level travel time spent in this place.
 D = Time resting spent in this place.
 E = Time spent auto-exploring this place.
 F = Levels seen in this place.
 G = Mean time per level.
                   A        B        C        D        E       F      G
               +--------+--------+--------+--------+--------+-----+--------+
         Total |    611 |    611 |      0 |    446 |     57 |   1 |  611.0 |
       Dungeon |    611 |    611 |      0 |    446 |     57 |   1 |  611.0 |
               +--------+--------+--------+--------+--------+-----+--------+

Top non-repeatable levels by time:
     D:1: 611 daAuts
